 Dungeon Crawl Stone Soup version 0.31-a0-265-gcf7e37af1d (webtiles) character file.

Game seed: 3711219439477160229

51 qw the Shooter (level 3, 0/21 HPs)
             Began as a Gargoyle Hexslinger on July 13, 2023.
             Slain by a gnoll
             ... wielding a +0 halberd
             ... led by a gnoll bouda
              (10 damage)
             ... on level 2 of the Dungeon.
             The game lasted 00:00:27 (1142 turns).

qw the Shooter (Gargoyle Hexslinger)                Turns: 1142, Time: 00:00:27

Health: 0/21       AC:  9    Str: 11    XL:     3   Next: 83%
Magic:  4/4        EV: 10    Int: 13    God:
Gold:   100        SH:  0    Dex: 14    Spells: 3/4 levels left

rFire   + . .        Y - +1 sling
rCold   + . .        (no shield)
rNeg    + . .        d - +0 ring mail
rPois   inf          (no helmet)
rElec   +            e - scarf {rC+ rF+}
rCorr   .            i - +0 pair of gloves
SInv    .            (no boots)
Will    .....        (no amulet)
Stlth   +            (no ring)
HPRegen 0.23/turn    (no ring)
MPRegen 0.09/turn

%: no passive effects
@: no status effects
A: sickness immunity, AC +3, negative energy resistance 1, electricity
resistance, torment resistance 1, petrification resistance
a: no special abilities


You were on level 2 of the Dungeon.
You visited 1 branch of the dungeon, and saw 2 of its levels.

You collected 100 gold pieces.


Innate Abilities, Weirdness & Mutations

You are immune to sickness and miasma.
Your stone body is resilient. (AC +3)
You are immune to poison.
You resist negative energy. (rN+)
You are resistant to electric shocks. (rElec)
You are resistant to unholy torment.
You are immune to petrification.


   Skills:
 - Level 2.0 Fighting
 + Level 3.4 Ranged Weapons
 - Level 1.0 Armour
 - Level 1.5 Dodging
 - Level 1.0 Spellcasting
 - Level 2.6 Hexes


You had 3 spell levels left.
You knew the following spells:

 Your Spells              Type           Power      Damage    Failure   Level
a - Slow                  Hex            28%        N/A       22%         1

Your spell library contained the following spells:

 Spells                   Type           Power      Damage    Failure   Level
 Inner Flame              Hex/Fire       4%         N/A       75%         3
 Portal Projectile        Hex/Tloc       8%         N/A       75%         3
 Cause Fear               Hex            3%         N/A       91%         4

Inventory:

Hand Weapons
 Y - a +1 sling (weapon)
Armour
 d - a +0 ring mail (worn)
 e - a scarf of resistance (worn)
 i - a +0 pair of gloves (worn)
Scrolls
 a - a scroll of immolation {unknown}
 f - a scroll of teleportation
Potions
 b - a potion of curing {unknown}
 c - a potion of heal wounds {unknown}
 g - a potion of brilliance {unknown}

Dungeon Overview and Level Annotations

Branches:
Dungeon (2/15)

Altars:
Cheibriados


Message History

A gnoll bouda comes into view. It is wielding a +0 whip.
A gnoll comes into view. It is wielding a +0 flail.
You shoot a sling bullet.
The sling bullet barely misses the gnoll.
The gnoll bouda shouts!
The sling bullet hits the gnoll!
The gnoll is severely wounded.
The gnoll bouda barks out a call to the hunt!
The gnolls pick up the pace!
The gnoll hits you from afar with a +0 halberd!
The gnoll barely misses you.
You shoot a sling bullet.
The sling bullet closely misses the gnoll.
The gnoll closely misses you.
The gnoll bouda barks out a call to the hunt!
The gnoll picks up the pace!
The gnoll hits you from afar with a +0 halberd.
The gnoll closely misses you.
You shoot a sling bullet. The sling bullet hits the gnoll.
You kill the gnoll!
The gnoll barely misses you.
The gnoll throws a throwing net.
The throwing net completely misses you. The gnoll closely misses you.
You shoot a sling bullet. The sling bullet hits the gnoll.
The gnoll is moderately wounded.
A gnoll comes into view. It is wielding a +0 whip.
The gnoll closely misses you.
You shoot a sling bullet. The sling bullet hits the gnoll!
The gnoll is severely wounded.
The gnoll misses you. The gnoll barely misses you.
You shoot a sling bullet.
The sling bullet hits the gnoll but does no damage.
The gnoll is severely wounded.
The gnoll bouda calls upon its god to heal the gnoll.
The gnoll's wounds heal themselves!
The gnoll closely misses you. The gnoll barely misses you. x2
You shoot a sling bullet. The sling bullet hits the gnoll.
The gnoll is almost dead.
The gnoll hits you with a +0 flail.
The gnoll hits you from afar with a +0 halberd!
You die...

##############
###............#
..#.#####.###### #.#.#
#.# #.#.# #.# #.#.# #.#
.##.###g#.#####.######
...ggg.@.............#
.##.#g###.#####.###.###
# #.............#
#.#.#.#.###.#.##
#.#.#.#.# #.#...
.>#.#.#.###.#..#
#.#.#...........
......#
#.#.........#..# .....#
#.#.#.#.....#..#


You could see a gnoll bouda and 4 gnolls.

Vanquished Creatures
  A gnoll (D:2)
  A worm (D:2)
  A dart slug (D:2)
  4 endoplasms (D:1)
  3 giant cockroaches (D:1)
  6 goblins
  A hobgoblin (D:1)
  2 jackals (D:1)
  A kobold (D:1)
  3 quokkas (D:1)
  5 ball pythons
  A frilled lizard (D:1)
  2 rats (D:1)
31 creatures vanquished.

Notes
Turn   | Place    | Note
-------+----------+-------------------------------------------
     0 | D:1      | qw the Gargoyle Hexslinger began the quest for the Orb.
     0 | D:1      | Reached XP level 1. HP: 12/12 MP: 2/2
     0 | D:1      | 0 ||| qw: Version: 0.3-a-52-g30416fa
     0 | D:1      | 0 ||| qw: Game counter: 7596
     0 | D:1      | 0 ||| qw: Melee chars always use a shield: true
     0 | D:1      | 0 ||| qw: God list: Okawaru
     0 | D:1      | 0 ||| qw: Allow faded altars: false
     0 | D:1      | 0 ||| qw: Do Orc after clearing Dungeon:15 true
     0 | D:1      | 0 ||| qw: Do second Lair branch before Depths: true
     0 | D:1      | 0 ||| qw: Lair rune preference: random
     0 | D:1      | 0 ||| qw: Goals: Normal
     0 | D:1      | 0 ||| PLANNING D:1-11
   174 | D:1      | Reached XP level 2. HP: 16/16 MP: 3/3
   329 | D:1      | Reached skill level 3 in Ranged Weapons
   592 | D:1      | Reached XP level 3. HP: 21/21 MP: 4/4
   907 | D:1      | 907 ||| UPGRADING to +0 ring mail.
   917 | D:1      | 917 ||| DROPPING +0 robe.
   918 | D:1      | 918 ||| UPGRADING to scarf of resistance.
   923 | D:1      | 923 ||| UPGRADING to +0 pair of gloves.
   928 | D:1      | 928 ||| READING scroll labelled QELAAS QEMEME.
   933 | D:1      | 933 ||| READING scroll labelled MONEBU LECZIR.
   934 | D:1      | 934 ||| READING scroll labelled JAIK BARICKEHO.
   935 | D:1      | 935 ||| DROPPING scroll of poison.
   959 | D:2      | Found a snail-covered altar of Cheibriados.
  1090 | D:2      | Reached skill level 1 in Armour
  1142 | D:2      | Slain by a gnoll

Levels and vault maps discovered:
D:1:      dpeg_arrival_connections, layout_loops_corners
D:2:      layout_basic, basic_altar, serial_shops, shop, minmay_hexomino_u4,
          uniq_jessica, uniq_crazy_yiuf_cottage, uniq_natasha

Skill      XL: |  1  2  3 |
---------------+----------+-----
Ranged Weapons | 3 |  3.4
Fighting       | 2 |  2.0
Armour         | 1 |  1.0
Dodging        | |  1.5
Spellcasting   | |  1.0
Hexes          | |  2.6

Action                     || total
---------------------------++-------
   Fire: Sling             ||    95
    Use: Scroll            ||     3
 Armour: Robe              ||     3
         Ring mail         ||     4
  Dodge: Dodged            ||    33

Table legend:
 A = Non-vault XP
 B = Vault XP
 C = Vault XP percentage of total XP
 D = Non-vault monster count
 E = Vault monster count
 F = Vault count percentage of total count
                 A         B        C        D         E       F
            +---------+---------+-------+---------+---------+-------
      Total |      68 |       6 |   8.1 |      29 |       2 |   6.5
            +---------+---------+-------+---------+---------+-------
        D:1 |      46 |       0 |   0.0 |      26 |       0 |   0.0
        D:2 |      22 |       6 |  21.4 |       3 |       2 |  40.0
            +---------+---------+-------+---------+---------+-------
